 Dungeon Crawl Stone Soup version 0.27-a0-1048-g7ee7857c10 (webtiles) character file.

Game seed: 16630987728470646049

21787 Morbidden the Grappler (level 12, -17/115 HPs)
             Began as a Troll Monk on Apr 20, 2021.
             Was a High Priest of Cheibriados.
             Demolished by Agnes
             ... wielding a +5 lajatang of pain
              (22 damage)
             ... on level 14 of the Dungeon.
             The game lasted 00:26:21 (11500 turns).

Morbidden the Grappler (Troll Monk)                Turns: 11500, Time: 00:26:21

Health: -17/115    AC: 10    Str: 34    XL:     12   Next: 57%
Magic:  17/17      EV: 19    Int: 22    God:    Cheibriados [*****.]
Gold:   712        SH:  0    Dex: 24    Spells: 19/19 levels left

rFire    + . .     SeeInvis .     - Unarmed
rCold    + . .     Faith    .   (no shield)
rNeg     . . .     Spirit   .   A - +4 troll leather armour
rPois    .         Reflect  .   (helmet restricted)
rElec    .         Harm     .   M - scarf {rC+ rF+}
rCorr    .         Rampage  .   (gloves unavailable)
Will     .....                  (boots unavailable)
Stlth    +++.......             (no amulet)
HPRegen  2.29/turn              F - +4 ring of evasion
MPRegen  0.15/turn              l - +4 ring of slaying

@: very slow
A: large, unfitting armour, claws 3, regeneration 1, shaggy fur 1, tough skin 1
a: Renounce Religion, Bend Time, Temporal Distortion, Slouch, Step From Time


You were on level 14 of the Dungeon.
You worshipped Cheibriados.
Cheibriados was extremely pleased with you.
You visited 2 branches of the dungeon, and saw 15 of its levels.

You collected 712 gold pieces.

Inventory:

Hand Weapons
 b - a +0 hunting sling
Missiles
 g - 179 sling bullets
 h - 319 stones
 o - 41 poisoned darts
 E - 2 throwing nets
 J - 14 large rocks
 K - 7 atropa-tipped darts
 L - 7 javelins (quivered)
Armour
 x - a +2 robe of resistance
 A - a +4 troll leather armour (worn)
 M - a scarf of resistance (worn)
Jewellery
 d - a ring of protection from cold
 l - a +4 ring of slaying (right claw)
 t - a ring of flight
 F - a +4 ring of evasion (left claw)
 N - a +6 ring of intelligence
Wands
 f - a wand of flame (10)
 k - a wand of mindburst (7)
 n - a wand of charming (11)
 p - a wand of iceblast (31)
 v - a wand of polymorph (20)
 y - a wand of paralysis (3)
Scrolls
 e - 3 scrolls of torment
 i - 2 scrolls of fear
 j - 4 scrolls of teleportation
 m - 2 scrolls of magic mapping
 q - 11 scrolls of identify
 r - a scroll of enchant weapon
 z - a scroll of blinking
 C - a scroll of amnesia
Potions
 a - 2 potions of invisibility
 c - a potion of magic {unknown}
 s - 2 potions of might {unknown}
 u - 3 potions of flight
 w - a potion of curing {unknown}
 B - 2 potions of heal wounds {unknown}
 D - a potion of resistance {unknown}
 G - a potion of haste {unknown}
 H - 2 potions of cancellation {unknown}
 I - a potion of ambrosia


   Skills:
 * Level 6.4 Fighting
 + Level 3.0(3.8) Slings
 + Level 4.6(5.3) Throwing
 + Level 2.6 Armour
 * Level 7.7 Dodging
 + Level 2.7 Stealth
 * Level 12.7 Unarmed Combat
 * Level 4.2 Spellcasting
 * Level 5.7 Invocations
 + Level 1.1 Evocations


You had 19 spell levels left.
You didn't know any spells.
Your spell library contained the following spells:

 Spells                   Type           Power      Damage    Failure   Level
 Animate Skeleton         Necr           8%         N/A       12%         1
 Freeze                   Ice            16%        1d4       12%         1
 Magic Dart               Conj           16%        1d3       12%         1
 Pain                     Necr           16%        1d4       12%         1
 Summon Small Mammal      Summ           16%        N/A       12%         1
 Blink                    Tloc           N/A        N/A       19%         2
 Call Imp                 Summ           4%         N/A       19%         2
 Slow                     Hex            4%         N/A       19%         2
 Call Canine Familiar     Summ           4%         N/A       36%         3
 Conjure Flame            Conj/Fire      4%         6-21      36%         3
 Frozen Ramparts          Ice            8%         1d2       36%         3
 Mephitic Cloud           Conj/Pois/Air  4%         N/A       36%         3
 Ozocubu's Armour         Ice            4%         N/A       36%         3
 Summon Guardian Golem    Hex/Summ       4%         N/A       36%         3
 Vampiric Draining        Necr           2%         2d6       36%         3
 Animate Dead             Necr           2%         N/A       77%         4
 Hailstorm                Conj/Ice       4%         3d4       77%         4
 Summon Ice Beast         Ice/Summ       4%         N/A       77%         4
 Summon Lightning Spire   Summ/Air       4%         N/A       77%         4
 Agony                    Necr           4%         N/A       98%         5
 Metabolic Englaciation   Hex/Ice        2%         N/A       98%         5


Dungeon Overview and Level Annotations

Branches:
Dungeon (14/15)            Temple (1/1) D:5            Lair (0/6) D:9
    Orc (0/2) D:9
 Vaults: D:13-14

Altars:
Ashenzari
Cheibriados
Dithmenos
Fedhas
Gozag
Hepliaklqana
Kikubaaqudgha
Nemelex Xobeh
Qazlal
Ru
Sif Muna
Trog
Uskayaw
Vehumet
Xom
Yredelemnul
Zin
The Shining One

Shops:
D:4 [   D:6 [   D:12 =*=**

Portals:
Trove: D:10 (lose all piety)

Annotations:
D:4 1 runed translucent door, Crazy Yiuf
D:14 Agnes


Innate Abilities, Weirdness & Mutations

You are too large for most types of armour.
You have claws for hands.
Your natural rate of healing is unusually fast.
You are covered in fur. (AC +1)
You have tough skin. (AC +1)


Message History

Agnes hits you with a +5 lajatang of pain!!
You writhe in agony.
Agnes hits you with a +5 lajatang of pain!
Unknown command.
Unknown command.
Your surroundings suddenly seem different.
Agnes throws a stone.
The stone hits you!!
* * * LOW HITPOINT WARNING * * *
Agnes throws a stone.
The stone misses you.
You see here a +0 flail.
Unknown command.
Unknown command.
Unknown command.
Unknown command.
Unknown command.
Okay, then.
Unknown command.
Unknown command.
Unknown command.
Things that are here:
a +0 dagger; a +0 robe Unknown command.
Unknown command.
Unknown command.
Unknown command.
Agnes says, "You dishonour your ancestors."
Agnes misses you.
Things that are here:
a +2 war axe of freezing; a +0 scale mail Unknown command.
Unknown command.
Agnes hits you with a +5 lajatang of pain!
* * * LOW HITPOINT WARNING * * *
Agnes completely misses you.
Unknown command.
Unknown command.
Agnes hits you with a +5 lajatang of pain!!
* * * LOW HITPOINT WARNING * * *
Agnes hits you with a +5 lajatang of pain!!
You die...

.######....####.....##......
.# ##............# ##....
.## ##..#######..# .... ..##
#.## #..... ... #..## ##.#
#....... ##..## #..#
#####.#. ##.i###..## ### .#
##..#...)######.## #
##......)).)i@..#...
#......###).....#
##...####.###...#
#...###...#.......
#.=.##.............
#......≈#.#≈........
#....≈≈≈#.#≈≈≈......
##..≈≈≈≈#.#≈≈≈≈.....
#.≈≈≈≈≈#.# ≈≈≈


You could see Agnes.

Vanquished Creatures
  Josephine (D:10)
  Erolcha (D:10)
  A centaur warrior (D:13)
  2 boulder beetles
  5 two-headed ogres
  A catoblepas (D:12)
  Urug (D:12)
  Nergalle (D:10)
  A wizard (D:14)
  An orc knight (D:14)
  2 manticores
  3 cyclopes
  An unseen horror (D:11)
  A komodo dragon (D:11)
  A demonic crawler (D:12)
  3 trolls
  6 slime creatures (D:12)
  7 yaks
  A yak (shapeshifter) (D:14)
  8 wraiths
  3 wyverns
  4 vampire mosquitoes (D:13)
  A steam dragon (D:9)
  2 swamp worms (D:12)
  A water moccasin (D:9)
  2 ice beasts
  2 orc warriors
  A black bear (D:4)
  A sky beast (D:8)
  5 ogres
  6 centaurs
  A kobold brigand (D:7)
  6 bullfrogs
  A gnoll sergeant (D:12)
  3 scorpions
  A water moccasin zombie (D:5)
  15 killer bees
  3 wights (D:8)
  2 howler monkeys
  A bullfrog zombie (D:6)
  5 centaur zombies
  5 hounds
  An orc priest (D:7)
  A centaur skeleton (D:7)
  7 orc wizards
  A statue (D:10)
  3 killer bee zombies
  A howler monkey skeleton (D:4)
  3 gnolls (D:12)
  6 adders
  A white imp (D:8)
  An ufetubus (D:5)
  An adder skeleton (D:4)
  A worm (D:2)
  A dart slug (D:1)
  26 orcs
  2 bats
  5 endoplasms
  4 giant cockroaches
  2 goblins
  6 hobgoblins
  11 jackals
  8 quokkas
  10 ball pythons
  A frilled lizard (D:1)
  9 kobolds
  3 rats
234 creatures vanquished.

Vanquished Creatures (collateral kills)
  A wight (D:8)
  2 killer bees (D:8)
  An orc (D:6)
4 creatures vanquished.

Vanquished Creatures (others)
  A wight (D:8)
  A bullfrog zombie (D:6)
  3 fungi (D:9)
  5 plants
10 creatures vanquished.

Grand Total: 248 creatures vanquished

Notes
Turn   | Place    | Note
-------+----------+-------------------------------------------
     0 | D:1      | Morbidden the Troll Monk began the quest for the Orb.
     0 | D:1      | Reached XP level 1. HP: 22/22 MP: 0/0
    71 | D:1      | Reached XP level 2. HP: 29/29 MP: 1/1
   939 | D:2      | Reached XP level 3. HP: 35/36 MP: 2/2
  1050 | D:2      | Reached skill level 4 in Unarmed Combat
  1153 | D:2      | Noticed a black bear
  1311 | D:2      | Found a faded altar of an unknown god.
  1384 | D:2      | Reached XP level 4. HP: 40/44 MP: 3/3
  1970 | D:3      | Noticed an orc warrior
  2090 | D:4      | Noticed a black bear
  2121 | D:3      | Reached XP level 5. HP: 47/52 MP: 4/4
  2176 | D:4      | Reached skill level 5 in Unarmed Combat
  2309 | D:4      | Killed a black bear
  2310 | D:4      | Reached XP level 6. HP: 57/61 MP: 5/5
  2457 | D:4      | Found a runed translucent door.
  2458 | D:4      | Noticed Crazy Yiuf
  2585 | D:4      | Reached skill level 1 in Throwing
  2588 | D:4      | Found Cokeuny's Armour Shoppe.
  2886 | D:5      | Entered Level 5 of the Dungeon
  2969 | D:5      | Found a staircase to the Ecumenical Temple.
  2976 | Temple   | Entered the Ecumenical Temple
  3016 | Temple   | Became a worshipper of Cheibriados the Contemplative
  3016 | Temple   | Reached * piety under Cheibriados
  3016 | Temple   | Reached ** piety under Cheibriados
  3127 | D:5      | Reached skill level 6 in Unarmed Combat
  3127 | D:5      | Reached XP level 7. HP: 54/67 MP: 6/6
  3535 | D:6      | Reached skill level 1 in Invocations
  3643 | D:6      | Found Qaes's Armour Emporium.
  3777 | D:6      | Reached skill level 7 in Unarmed Combat
  3868 | D:6      | Reached XP level 8. HP: 37/78 MP: 8/8
  4162 | D:6      | Reached *** piety under Cheibriados
  4673 | D:7      | Reached skill level 8 in Unarmed Combat
  4809 | D:7      | Reached skill level 5 in Dodging
  5095 | D:7      | Reached XP level 9. HP: 74/84 MP: 10/10
  5141 | D:7      | Found a sacrificial altar of Ru.
  5443 | D:8      | Reached **** piety under Cheibriados
  5669 | D:8      | Reached skill level 9 in Unarmed Combat
  5788 | D:8      | Reached skill level 1 in Spellcasting
  6553 | D:9      | Found a staircase to the Lair.
  6607 | D:9      | Noticed a two-headed ogre
  6618 | D:9      | Killed a two-headed ogre
  6619 | D:9      | Reached XP level 10. HP: 57/94 MP: 10/12
  6739 | D:9      | Reached skill level 10 in Unarmed Combat
  7164 | D:9      | Noticed a two-headed ogre
  7184 | D:9      | Killed a two-headed ogre
  7275 | D:9      | Found a staircase to the Orcish Mines.
  7300 | D:10     | Entered Level 10 of the Dungeon
  7375 | D:10     | Noticed Erolcha
  7380 | D:10     | Killed Erolcha
  7381 | D:10     | Reached skill level 1 in Evocations
  7384 | D:10     | Noticed a two-headed ogre
  7393 | D:10     | Killed a two-headed ogre
  7454 | D:10     | Found a hide-covered altar of Uskayaw.
  7456 | D:10     | Found a shimmering blue altar of Sif Muna.
  7457 | D:10     | Found an opulent altar of Gozag.
  7457 | D:10     | Found a sparkling altar of Nemelex Xobeh.
  7458 | D:10     | Found a shimmering altar of Xom.
  7458 | D:10     | Found an ancient bone altar of Kikubaaqudgha.
  7461 | D:10     | Found a basalt altar of Yredelemnul.
  7560 | D:10     | Noticed Josephine
  7570 | D:10     | Reached ***** piety under Cheibriados
  7571 | D:10     | Reached skill level 5 in Fighting
  7731 | D:10     | Reached skill level 1 in Slings
  7789 | D:10     | Found a radiant altar of Vehumet.
  7958 | D:10     | Found a portal to a secret trove of treasure.
  8060 | D:10     | Killed Josephine
  8061 | D:10     | Reached skill level 11 in Unarmed Combat
  8061 | D:10     | Reached XP level 11. HP: 28/104 MP: 4/14
  8541 | D:10     | Noticed Nergalle
  8548 | D:10     | Killed Nergalle
  9397 | D:12     | Found Jasauvitt's Jewellery Boutique.
  9408 | D:12     | Noticed a two-headed ogre
  9415 | D:12     | Killed a two-headed ogre
  9416 | D:12     | Reached skill level 1 in Armour
  9437 | D:12     | Found Maizaos's General Store.
  9495 | D:12     | Found Wiziuc's Assorted Antiques.
  9689 | D:12     | Noticed a catoblepas
  9704 | D:12     | Killed a catoblepas
  9749 | D:12     | Reached skill level 5 in Invocations
  9770 | D:12     | Found Umiluk's Jewellery Boutique.
 10008 | D:12     | Noticed a boulder beetle
 10022 | D:12     | Killed a boulder beetle
 10070 | D:12     | Reached skill level 12 in Unarmed Combat
 10070 | D:12     | Reached XP level 12. HP: 68/114 MP: 16/16
 10114 | D:12     | Noticed Urug
 10126 | D:12     | Killed Urug
 10185 | D:12     | Found Keywnaru's General Store.
 10545 | D:13     | Noticed a centaur warrior
 10555 | D:13     | Killed a centaur warrior
 10715 | D:13     | Noticed a two-headed ogre
 10726 | D:13     | Killed a two-headed ogre
 11234 | D:14     | Noticed Agnes
 11325 | D:14     | Noticed a boulder beetle
 11336 | D:14     | Killed a boulder beetle
 11500 | D:14     | HP: 5/115 [Agnes/+5 lajatang of pain (32)]
 11500 | D:14     | Demolished by Agnes

Illustrated notes

Levels and vault maps discovered:
D:1:      lightli_arrival_statue_moat, layout_basic
D:2:      layout_basic, shapermc_ecumenical_altar_starsandcircs,
          serial_bayou_lagoon_a, st_stairs_4, minivault_4
D:3:      layout_loops_ring
D:4:      layout_basic, serial_shops, shop, minmay_box_of_dots,
          uniq_crazy_yiuf_cottage
D:5:      layout_cave_pools, minmay_temple_entry_ruins
D:6:      layout_basic, serial_shops, nicolae_shop_stone
D:7:      layout_cave_pools, lemuel_coloured_pillars_altar, due_unseen_surprise
D:8:      layout_layer_cave
D:9:      layout_basic, dpeg_oklobed_lair, orc_0_dummy, minivault_16
D:10:     layout_stronghold, grunt_temple_overflow_open, vehumet_statue,
          nicolae_trove_entry_columns, uniq_josephine, uniq_erolcha,
          uniq_nergalle
D:11:     layout_roguey, grunt_ogre_cave
D:12:     layout_long_grid, serial_shops, nicolae_shop_behind_doors,
          nicolae_shop_stone, kennysheep_little_box, kennysheep_mini_moat,
          nicolae_shop_temple_entry_statues_fountains, worms_lemuel, uniq_urug
D:13:     layout_basic
D:14:     layout_layer_cave, lightli_vaults_fourway_checkpoint,
          grunt_decor_junction, minmay_door_square, nrook_campfire, uniq_nessos,
          uniq_agnes
Temple:   nicolae_temple_god_jail

Skill      XL: |  1  2  3  4  5  6  7  8  9 10 11 12 |
---------------+-------------------------------------+-----
Unarmed Combat | 4 5 6 7 8 9 11 12 | 12.7
Dodging        | 3 4 5 6 7 |  7.7
Fighting       | 3 4 5 6 |  6.4
Throwing       | 1 2 3 4 |  4.6
Invocations    | 1 2 3 4 5 |  5.7
Spellcasting   | 2 3 4 |  4.2
Stealth        | 2 |  2.7
Evocations     | 1 |  1.1
Slings         | 1 3 |  3.0
Armour         | 2 |  2.6

Action                   |  1- 3 |  4- 6 |  7- 9 | 10-12 || total
-------------------------+-------+-------+-------+-------++-------
Melee: Unarmed           |   105 |    90 |   163 |   222 ||   580
       Punch             |     1 |     1 |     9 |    29 ||    40
 Fire: Hunting sling     |       |       |       |    65 ||    65
Throw: Stone             |    15 |    34 |    83 |    95 ||   227
       Dart              |       |       |     5 |    17 ||    22
       Javelin           |       |       |       |    11 ||    11
Invok: Slouch            |       |       |       |     2 ||     2
Evoke: Wand              |       |       |    12 |     8 ||    20
  Use: Potion            |     2 |       |     3 |     1 ||     6
       Scroll            |       |     1 |     8 |     9 ||    18
 Stab: Sleeping          |     2 |       |     1 |     1 ||     4
       Distracted        |       |     1 |     1 |     1 ||     3
       Paralysed         |       |       |       |     3 ||     3
Armor: Robe              |    33 |    25 |    65 |    17 ||   140
       Troll leather arm |       |       |       |    43 ||    43
Dodge: Dodged            |    56 |    48 |   142 |   204 ||   450

Table legend: (Time is in decaauts)
 A = Elapsed time spent in this place.
 B = Non-inter-level travel time spent in this place.
 C = Inter-level travel time spent in this place.
 D = Time resting spent in this place.
 E = Time spent auto-exploring this place.
 F = Levels seen in this place.
 G = Mean time per level.
                   A        B        C        D        E       F      G
               +--------+--------+--------+--------+--------+-----+--------+
         Total |  16029 |  15086 |    943 |    407 |  12319 |  15 | 1068.6 |
       Dungeon |  15968 |  15025 |    943 |    407 |  12295 |  14 | 1140.6 |
        Temple |     60 |     60 |      0 |      0 |     24 |   1 |   60.0 |
               +--------+--------+--------+--------+--------+-----+--------+

Top non-repeatable levels by time:
    D:10: 2100 daAuts
     D:8: 1917 daAuts
    D:12: 1739 daAuts
     D:6: 1275 daAuts
    D:13: 1243 daAuts
     D:9: 1165 daAuts
     D:7: 1111 daAuts
    D:11: 1064 daAuts
     D:1: 945 daAuts
     D:4: 894 daAuts
     D:3: 872 daAuts
     D:5: 738 daAuts
     D:2: 520 daAuts
    D:14: 378 daAuts
  Temple: 60 daAuts
